 Dungeon Crawl Stone Soup version 0.29.1-2-gbd0b4ee654 (webtiles) character file.

Game seed: 18341120125889187509

1639 MaxHasHax6295 the Cleaver (level 8, -2/71 HPs)
             Began as a Minotaur Berserker on Oct 27, 2022.
             Was a Believer of Trog.
             Slain by a bullfrog (7 damage)
             ... on level 9 of the Dungeon.
             The game lasted 00:08:47 (6789 turns).

MaxHasHax6295 the Cleaver (Minotaur Berserker)      Turns: 6789, Time: 00:08:48

Health: -2/71      AC:  8    Str: 25    XL:     8   Next: 66%
Magic:  7/7        EV: 16    Int:  4    God:    Trog [**....]
Gold:   335        SH:  0    Dex:  9    Spells: 7/7 levels left

rFire   . . .      SeeInvis .   a - +0 hand axe
rCold   . . .      Faith    .   (no shield)
rNeg    . . .      Spirit   .   b - +0 ring mail
rPois   .          Reflect  .   (helmet restricted)
rElec   .          Harm     .   s - +0 cloak
rCorr   .          Rampage  .   g - +0 pair of gloves
Will    ++...                   (no boots)
Stlth   +.........              c - amulet of regeneration
HPRegen 2.01/turn               k - ring of flight
MPRegen 0.10/turn               B - +4 ring of evasion

@: about to teleport, strong-willed, flying, regenerating
A: horns 2, retaliatory headbutt
a: Renounce Religion, Berserk, Trog's Hand


You were on level 9 of the Dungeon.
You worshipped Trog.
Trog was pleased with you.
You visited 1 branch of the dungeon, and saw 7 of its levels.

You collected 335 gold pieces.

Inventory:

Hand Weapons
 a - a +0 hand axe (weapon)
 l - a +2 dagger of venom
Armour
 b - a +0 ring mail (worn)
 g - a +0 pair of gloves (worn)
 s - a +0 cloak (worn)
Jewellery
 c - an amulet of regeneration (around neck)
 i - a ring of fire
 k - a ring of flight (left hand)
 B - a +4 ring of evasion (right hand)
Wands
 v - a wand of polymorph (5)
 D - a wand of roots (15)
Scrolls
 d - a scroll of magic mapping
 e - 2 scrolls of teleportation
 n - a scroll of enchant armour {unknown}
 o - a scroll of vulnerability {unknown}
 t - 2 scrolls of poison {unknown}
 u - 2 scrolls of identify
 y - a scroll of amnesia {unknown}
Potions
 f - a potion of flight
 h - 2 potions of ambrosia
 j - 2 potions of mutation
 m - a potion of degeneration {unknown}
 p - 2 potions of magic
 q - 2 potions of brilliance
 r - 2 potions of lignification
 w - a potion of berserk rage {unknown}
 x - a potion of haste {unknown}
 z - a potion of heal wounds {unknown}
 A - 2 potions of might {unknown}
 C - a potion of attraction {unknown}


   Skills:
 + Level 6.5 Fighting
 + Level 2.7 Short Blades
 + Level 8.1 Axes
 + Level 6.2 Armour
 + Level 5.6 Dodging
 + Level 2.5 Stealth


You had 7 spell levels left.
You didn't know any spells.
Your spell library was empty.

Dungeon Overview and Level Annotations

Branches:
Dungeon (6/15)             Temple (0/1) D:5

Altars:
Fedhas
Gozag
Kikubaaqudgha
Nemelex Xobeh
Okawaru
Qazlal
Trog
Uskayaw
Zin

Annotations:
D:9 Erica


Innate Abilities, Weirdness & Mutations

You have a pair of horns on your head.
You reflexively headbutt those who attack you in melee.


Message History

Erica the Fiery-Tempered comes into view.
She is wielding a +0 scimitar of flaming.
Erica shouts!
You hit the yak.
The yak is severely wounded.
You hit the yak but do no damage. The yak gores you!
The yak completely misses you.
Erica mumbles some strange words.
Erica flickers and vanishes!
Deactivating autopickup; reactivate with Ctrl-A.
You closely miss the yak.
The yak is severely wounded.
You closely miss the yak. You barely miss the yak. The yak gores you.
The yak gores you! The yak closely misses you.
You completely miss the yak. Your headbutt misses the yak.
The yak is severely wounded.
You slash the yak! You hit the yak but do no damage.
The yak closely misses you. The yak gores you! The yak gores you.
You are too injured to fight recklessly!
You are too injured to fight recklessly!
You are too injured to fight recklessly!
Your skin crawls.
You feel strong-willed. The bullfrog hits you. The yak gores you!
* * * LOW HITPOINT WARNING * * *
The yak misses you.
You are too injured to fight recklessly!
You are too injured to fight recklessly!
You are too injured to fight recklessly!
You are too injured to fight recklessly!
You are too injured to fight recklessly!
The bullfrog hits you!
* * * LOW HITPOINT WARNING * * *
The yak gores you.
* * * LOW HITPOINT WARNING * * *
The yak closely misses you. The bullfrog barely misses you.
You furiously retaliate!
You headbutt the bullfrog.
Okay, then.
As you read the scroll of teleportation, it crumbles to dust.
You feel strangely unstable. The bullfrog hits you!
You die...

........#..<.#........
........#....#........
.............#........
.....#.♣.♣.#..........
......................
.....♣.♣.♣.♣.#........
.#+#...._.............
..♣.♣.♣.♣.#YF(.....
#...........#@Y......
#...#.♣.♣.#.#YY.$....
#...........+Y.......
....#......#...{....
.. #......#........
######+#........
#........ #........


You could see 5 yaks and a bullfrog.

Vanquished Creatures
  Grinder (D:3)
  Sigmund (D:3)
  4 black bears
  A sky beast (D:5)
  A phantom (D:4)
  A bullfrog (D:6)
  A howler monkey (D:5)
  5 hounds
  2 gnoll boudas
  Jessica (D:2)
  3 iguanas
  11 gnolls
  12 adders
  A shadow imp (D:6)
  3 ufetubi
  2 worms (D:2)
  2 dart slugs
  An orc (D:4)
  8 ball pythons
  7 bats
  2 endoplasms (D:1)
  4 giant cockroaches
  11 goblins
  7 hobgoblins
  2 jackals (D:1)
  10 kobolds
  5 quokkas
  3 frilled lizards
  5 rats
117 creatures vanquished.

Notes
Turn   | Place    | Note
-------+----------+-------------------------------------------
     0 | D:1      | MaxHasHax6295 the Minotaur Berserker began the quest for
                  | the Orb.
     0 | D:1      | Reached XP level 1. HP: 19/19 MP: 0/0
   137 | D:1      | Reached XP level 2. HP: 27/27 MP: 1/1
   175 | D:1      | Reached skill level 4 in Axes
   567 | D:1      | Reached XP level 3. HP: 32/33 MP: 2/2
   608 | D:1      | Reached ** piety under Trog
  1704 | D:2      | Reached XP level 4. HP: 21/41 MP: 3/3
  2076 | D:2      | Noticed Jessica
  2079 | D:2      | Killed Jessica
  2121 | D:2      | Reached skill level 5 in Axes
  2278 | D:3      | Noticed Sigmund
  2650 | D:3      | Killed Sigmund
  2651 | D:3      | Reached skill level 5 in Fighting
  2651 | D:3      | Reached skill level 1 in Stealth
  2651 | D:3      | Reached XP level 5. HP: 42/48 MP: 4/4
  2651 | D:3      | Reached XP level 6. HP: 49/56 MP: 5/5
  3121 | D:3      | Noticed Grinder
  3142 | D:3      | Killed Grinder
  3143 | D:3      | Reached skill level 1 in Short Blades
  3143 | D:3      | Reached skill level 6 in Axes
  3419 | D:3      | Found an opulent altar of Gozag.
  3586 | D:3      | Reached XP level 7. HP: 60/61 MP: 6/6
  4244 | D:4      | Found a sparkling altar of Nemelex Xobeh.
  4958 | D:5      | Entered Level 5 of the Dungeon
  5281 | D:5      | Found an ancient bone altar of Kikubaaqudgha.
  5282 | D:5      | Found a blossoming altar of Fedhas.
  5344 | D:5      | Reached skill level 5 in Dodging
  5635 | D:5      | Reached skill level 5 in Armour
  5635 | D:5      | Reached XP level 8. HP: 61/70 MP: 7/7
  6033 | D:5      | Found a stormy altar of Qazlal.
  6101 | D:5      | Found a glowing silver altar of Zin.
  6128 | D:5      | Reached skill level 7 in Axes
  6219 | D:5      | Found a staircase to the Ecumenical Temple.
  6472 | D:6      | Found a hide-covered altar of Uskayaw.
  6579 | D:6      | Reached *** piety under Trog
  6589 | D:6      | Found a bloodstained altar of Trog.
  6608 | D:6      | Reached skill level 8 in Axes
  6769 | D:6      | You are sucked into a shaft and drop 3 floors!
  6769 | D:9      | Found an iron altar of Okawaru.
  6783 | D:9      | Noticed Erica
  6788 | D:9      | HP: 3/71 [yak (6)]
  6789 | D:9      | Slain by a bullfrog

Illustrated notes

Levels and vault maps discovered:
D:1:      saegor_arrival_simple_a, layout_basic, minmay_misc_feat_encased,
          st_stairs_8, minmay_domino_2
D:2:      layout_basic, uniq_jessica
D:3:      layout_loops_corners, nicolae_gozag_seed_capital, uniq_sigmund,
          uniq_grinder
D:4:      layout_rooms, kennysheep_little_box
D:5:      layout_gridville, grunt_temple_overflow_growth_and_decay,
          nicolae_qazlal_scattered_showers, nicolae_overflow_crystal_walls,
          minmay_temple_entry_mist
D:6:      layout_loops_ring, mainiacjoe_overflow_surrounded_room,
          overflow_temple_1_default
D:9:      layout_gridville, general_overflow_altar, okawaru_trees_1,
          hiddenorc2_lemuel, uniq_erica

Skill      XL: |  1  2  3  4  5  6  7  8 |
---------------+-------------------------+-----
Fighting       | 4 5 6 |  6.5
Axes           | 4 5 6 8 |  8.1
Dodging        | 3 4 5 |  5.6
Stealth        | 1 2 |  2.5
Short Blades   | 1 2 |  2.7
Armour         | 3 5 6 |  6.2

Action                   |  1- 3 |  4- 6 |  7- 9 || total
-------------------------+-------+-------+-------++-------
Melee: Hand axe          |    77 |     5 |   139 ||   221
       Headbutt          |    17 |     6 |    31 ||    54
       Dagger            |       |    64 |    61 ||   125
       Punch             |       |     2 |     2 ||     4
Invok: Berserk           |       |     1 |     4 ||     5
       Trog's Hand       |       |       |     1 ||     1
  Use: Scroll            |       |       |     9 ||     9
 Stab: Sleeping          |     1 |     1 |       ||     2
Armor: Animal skin       |    16 |     5 |       ||    21
       Ring mail         |       |    20 |    74 ||    94
Dodge: Dodged            |    51 |    43 |   179 ||   273
